 Dungeon Crawl Stone Soup version 0.22.1-6-g1668fe2c40 (webtiles) character file.

1755 Gargoyl the Chopper (level 8, 0/68 HPs)
             Began as a Centaur Abyssal Knight on Jan 19, 2019.
             Was an Elder of Lugonu.
             Slain by an orc warrior
             ... wielding a +0 trident
              (5 damage)
             ... on level 6 of the Dungeon on Jan 23, 2019.
             The game lasted 00:12:16 (6895 turns).

Gargoyl the Chopper (Centaur Abyssal Knight)        Turns: 6895, Time: 00:12:16

Health: 0/68       AC: 13    Str: 15    XL:     8   Next: 78%
Magic:  12/12      EV:  8    Int: 11    God:    Lugonu [****..]
Gold:   458        SH:  3    Dex: 11    Spells: 7/7 levels left

rFire    . . .     SeeInvis +   a - +7 hand axe
rCold    . . .     Gourm    .   d - +0 buckler
rNeg     . . .     Faith    .   e - +3 ring mail "Wampeas" {+Fly rPois}
rPois    +         Spirit   .   k - +0 helmet
rElec    .         Reflect  .   f - +0 cloak
rCorr    .         Harm     .   o - +0 pair of gloves
MR       .....                  (no barding)
Stlth    ..........             (no amulet)
HPRegen  0.21/turn              h - ring of see invisible
MPRegen  0.13/turn              (no ring)

@: very quick
A: large, hooves 3, deformed body, speed 2, tough skin 3
a: Depart the Abyss, Bend Space, Banish, Corrupt, Renounce Religion, Evoke
Flight


You were on level 6 of the Dungeon.
You worshipped Lugonu.
Lugonu was greatly pleased with you.
You were not hungry.

You visited 1 branch of the dungeon, and saw 6 of its levels.
You visited the Abyss 1 time.
You also visited: Ossuary.

You collected 458 gold pieces.

Inventory:

Hand Weapons
 a - a +7 hand axe (weapon)
Armour
 d - a +0 buckler (worn)
 e - the +3 ring mail "Wampeas" (worn) {+Fly rPois}
   (You found it on level 2 of the Abyss)

   It protects you from poison.
   It lets you fly.
 f - a +0 cloak (worn)
 k - a +0 helmet (worn)
 l - a +1 animal skin
 o - a +0 pair of gloves (worn)
Jewellery
 h - a ring of see invisible (left hand)
Wands
 n - a wand of digging (9)
 s - a wand of acid (6)
Scrolls
 b - 6 scrolls of teleportation
 j - 7 scrolls of remove curse
 p - 2 scrolls of fog
 q - 3 scrolls of identify
 r - 3 scrolls of magic mapping
 y - a scroll of enchant armour {unknown}
Potions
 g - 6 potions of might {unknown}
 i - 6 potions of curing
 m - a potion of lignification {unknown}
 t - a potion of haste
 u - 4 potions of heal wounds {unknown}
 v - a potion of invisibility {unknown}
 w - a potion of flight {unknown}
 x - a potion of brilliance {unknown}
 A - a potion of mutation {unknown}
Comestibles
 c - 13 rations


   Skills:
 + Level 5.0 Fighting
 + Level 6.4 Axes
 * Level 4.3 Armour
 + Level 2.3 Dodging
 + Level 1.0 Shields
 * Level 5.4 Invocations


You had 7 spell levels left.
You didn't know any spells.
Your spell library was empty.

Dungeon Overview and Level Annotations

Branches:
Dungeon (6/15)             Temple (0/1) D:5

Altars:
Dithmenos
Kikubaaqudgha
Okawaru
Qazlal
Sif Muna
Vehumet
The Shining One

Shops:
D:5 %


Innate Abilities, Weirdness & Mutations

You have hooves in place of feet.
Armour fits poorly on your strangely shaped body.
You cover ground very quickly.
You have extremely tough skin. (AC +3)


Message History

You kill the orc priest!
Lugonu accepts your kill.
Your Fighting skill increases to level 5!
The orc warrior hits you but does no damage.
Unknown command.
The orc warrior hits you but does no damage.
Things that are here:
a leather armour; an orc corpse You slash the orc warrior!
Your kick misses the orc warrior.
The orc warrior is moderately wounded.
The orc warrior hits you with a trident!
* * * LOW HITPOINT WARNING * * *
You hit the orc warrior but do no damage.
The orc warrior is moderately wounded.
The orc warrior hits you with a trident!
* * * LOW HITPOINT WARNING * * *
You hit the orc warrior.
The orc warrior is heavily wounded.
The orc warrior hits you with a trident.
You die...

##...## #. .. ##'##
#. .. #.# #. #. #.#
#. #. ##.## #.###
##...######. #...#
#...........
#o#.##.##....######
#.@)...###.#.#
###.########.#
#..........#
############


You could see an orc warrior.

Vanquished Creatures
  A steam dragon (D:6)
  2 ogres
  2 phantoms
  2 bullfrogs
  3 water moccasin zombies
  2 crimson imps
  A centaur zombie (D:5)
  An orc priest (D:6)
  A centaur skeleton (D:6)
  A hound (D:5)
  4 orc wizards
  Jessica (D:2)
  5 iguanas
  Natasha (thrice) (D:2)
  4 worker ants
  3 big kobold zombies (Ossuary)
  A hound zombie (D:6)
  A hound skeleton (D:4)
  2 mummies (Ossuary)
  Robin (D:2)
  5 adders
  A shadow imp (D:6)
  An ooze (D:2)
  7 adder zombies (Ossuary)
  An adder skeleton (D:4)
  4 worms
  3 dart slugs
  4 leopard geckos
  19 orcs
  3 giant cockroaches
  4 gnoll zombies (Ossuary)
  15 goblins (D:2)
  9 hobgoblins
  4 jackals
  9 kobolds
  3 quokkas
  A ball python skeleton (D:5)
  6 bats
  7 frilled lizards
  3 hobgoblin zombies (Ossuary)
  3 kobold zombies (Ossuary)
  A leopard gecko skeleton (D:5)
  5 orc zombies (Ossuary)
  6 rats
  A bush (D:2)
  A lurking horror (Abyss:1)
  A plant (D:2)
168 creatures vanquished.

Vanquished Creatures (collateral kills)
  A bullfrog zombie (D:6)
1 creature vanquished.

Grand Total: 169 creatures vanquished

Notes
Turn   | Place    | Note
-------+----------+-------------------------------------------
     0 | Abyss:1  | Gargoyl the Centaur Abyssal Knight began the quest for the
                  | Orb.
     0 | Abyss:1  | Reached XP level 1. HP: 19/19 MP: 2/2
   134 | Abyss:1  | Noticed a fire elemental
   173 | Abyss:2  | Got a bloodstained ring mail
   189 | Abyss:2  | Identified the +3 ring mail "Wampeas" {+Fly rPois} (You
                  | found it on level 2 of the Abyss)
   264 | Abyss:2  | Noticed a small abomination
   266 | Abyss:2  | Noticed a large abomination
   283 | Abyss:2  | Noticed a small abomination
   287 | Abyss:2  | Noticed a spatial maelstrom
   288 | Abyss:2  | Noticed a spatial vortex
   289 | Abyss:2  | Noticed a spatial vortex
   290 | D:1      | Escaped the Abyss
   680 | D:1      | Reached * piety under Lugonu
   772 | D:1      | Reached XP level 2. HP: 26/26 MP: 3/3
  1124 | D:2      | Reached skill level 2 in Axes
  1124 | D:2      | Reached XP level 3. HP: 19/31 MP: 4/4
  1349 | D:2      | Noticed Natasha
  1356 | D:2      | Killed Natasha
  1368 | D:2      | Reached XP level 4. HP: 38/40 MP: 5/5
  1550 | D:2      | Noticed Natasha
  1555 | D:2      | Killed Natasha
  1711 | D:2      | Noticed Jessica
  1713 | D:2      | Reached skill level 1 in Dodging
  1719 | D:2      | Noticed Robin
  1725 | D:2      | Killed Jessica
  1725 | D:2      | Reached skill level 3 in Axes
  1725 | D:2      | Reached XP level 5. HP: 38/46 MP: 7/7
  1734 | D:2      | Reached ** piety under Lugonu
  1741 | D:2      | Killed Robin
  1826 | D:2      | Noticed Natasha
  1834 | D:2      | Killed Natasha
  3211 | D:4      | Found a glowing golden altar of the Shining One.
  3236 | D:4      | Found a sand-covered staircase.
  3258 | Ossuary  | Entered an ossuary
  3451 | Ossuary  | Reached *** piety under Lugonu
  3509 | Ossuary  | Reached XP level 6. HP: 48/52 MP: 8/8
  3661 | Ossuary  | Reached skill level 4 in Axes
  4049 | D:4      | Reached XP level 7. HP: 48/59 MP: 8/10
  4876 | D:4      | Found a stormy altar of Qazlal.
  4879 | D:4      | Found an iron altar of Okawaru.
  4882 | D:4      | Found a deep blue altar of Sif Muna.
  4913 | D:5      | Entered Level 5 of the Dungeon
  4969 | D:5      | Reached **** piety under Lugonu
  5078 | D:5      | Reached skill level 5 in Axes
  5330 | D:5      | Found Xaudghea's Food Shoppe.
  5408 | D:5      | Found a staircase to the Ecumenical Temple.
  5607 | D:5      | Reached XP level 8. HP: 65/67 MP: 11/11
  6010 | D:5      | Found a radiant altar of Vehumet.
  6010 | D:5      | Found an ancient bone altar of Kikubaaqudgha.
  6137 | D:6      | Reached skill level 6 in Axes
  6335 | D:6      | Reached skill level 5 in Invocations
  6348 | D:6      | Found a shadowy altar of Dithmenos.
  6890 | D:6      | Reached skill level 1 in Shields
  6891 | D:6      | Reached skill level 5 in Fighting
  6895 | D:6      | Slain by an orc warrior

Skill      XL: |  1  2  3  4  5  6  7  8 |
---------------+-------------------------+-----
Axes           | 2 3 4 5 6 |  6.4
Armour         | 2 3 4 |  4.3
Dodging        | 1 2 |  2.3
Invocations    | 3 4 5 |  5.4
Fighting       | 4 5 |  5.0
Shields        | 1 |  1.0

Action                   |  1- 3 |  4- 6 |  7- 9 || total
-------------------------+-------+-------+-------++-------
Melee: Hand axe          |    69 |   281 |   193 ||   543
       Kick              |    10 |    80 |    46 ||   136
Invok: Depart the Abyss  |     1 |       |       ||     1
  Use: Scroll            |     7 |     3 |     6 ||    16
       Potion            |     1 |       |       ||     1
  Eat: Chunk             |       |     5 |     7 ||    12
       Ration            |       |     1 |       ||     1
Armor: Ring mail         |    31 |   128 |    96 ||   255
Dodge: Dodged            |    21 |    75 |    64 ||   160
Block: Buckler           |     4 |    32 |    25 ||    61
